 Dungeon Crawl Stone Soup version 0.27.1-16-g815e20cd7a (webtiles) character file.

Game seed: 8636158773570582408

4 Descartes the Skirmisher (level 1, 0/10 HPs)
             Began as a Felid Wanderer on Nov 22, 2021.
             Slain by a dart slug (2 damage)
             ... on level 1 of the Dungeon.
             The game lasted 00:01:24 (387 turns).

Descartes the Skirmisher (Felid Wanderer)            Turns: 387, Time: 00:01:25

Health: 0/10       AC:  1    Str:  6    XL:     1   Next: 58%
Magic:  5/5        EV: 16    Int: 11    God:
Gold:   0          SH:  0    Dex: 19    Spells: 6/6 levels left
                                        Lives:  0   Deaths: 0

rFire    . . .     SeeInvis +   (weapon unavailable)
rCold    . . .     Faith    .   (shield unavailable)
rNeg     . . .     Spirit   .   (armour unavailable)
rPois    .         Reflect  .   (helmet unavailable)
rElec    .         Harm     .   (cloak unavailable)
rCorr    .         Rampage  .   (gloves unavailable)
Will     .....                  (boots unavailable)
Stlth    ++........             (no amulet)
HPRegen  0.03/turn              (no ring)
MPRegen  0.09/turn              (no ring)

@: quick
A: very small, claws 1, fangs 3, see invisible, speed 1, shaggy fur 1, stealthy
paws, no weapons or thrown items, no armour, multi-lived
a: no special abilities


You were on level 1 of the Dungeon.
You visited 1 branch of the dungeon, and saw 1 of its levels.

Inventory:

Potions
 a - a potion of lignification
 b - a potion of attraction {unknown}
 c - a potion of mutation {unknown}


   Skills:
 - Level 3.0 Fighting
 + Level 0.7 Dodging
 - Level 2.6 Stealth
 + Level 0.5 Unarmed Combat
 - Level 3.0 Spellcasting
 + Level 1.9 Hexes
 - Level 1.0 Summonings


You had 6 spell levels left.
You didn't know any spells.
Your spell library contained the following spells:

 Spells                   Type           Power      Damage    Failure   Level
 Summon Small Mammal      Summ           12%        N/A       17%         1
 Slow                     Hex            5%         N/A       19%         2
 Magic Dart               Conj           4%         1d3       26%         1
 Call Imp                 Summ           3%         N/A       26%         2
 Blink                    Tloc           N/A        N/A       36%         2
 Summon Guardian Golem    Hex/Summ       4%         N/A       41%         3
 Conjure Flame            Conj/Fire      1%         6-21      61%         3
 Mephitic Cloud           Conj/Pois/Air  1%         N/A       61%         3


Dungeon Overview and Level Annotations

Branches:
Dungeon (1/15)

Altars:


Innate Abilities, Weirdness & Mutations

You have sharp claws.
You have razor-sharp teeth.
You have supernaturally acute eyesight. (SInv)
You cover ground quickly. (Speed+)
You are covered in fur. (AC +1)
Your paws help you pounce on unaware monsters.
You are incapable of wielding weapons or throwing items.
You cannot wear armour.
You gain extra lives every three experience levels.


Message History

You start resting.
An endoplasm is nearby!
The endoplasm barely misses you.
You barely miss the endoplasm. The endoplasm misses you.
You scratch the endoplasm.
The endoplasm is moderately wounded.
The endoplasm barely misses you.
You scratch the endoplasm.
The endoplasm is heavily wounded.
The endoplasm freezes you.
You are frozen.
You are too injured to fight recklessly!
You are too injured to fight recklessly!
You are too injured to fight recklessly!
You are too injured to fight recklessly!
You are too injured to fight recklessly!
You are too injured to fight recklessly!
You are too injured to fight recklessly!
You are too injured to fight recklessly!
You are too injured to fight recklessly!
You are too injured to fight recklessly!
You are too injured to fight recklessly!
You are too injured to fight recklessly!
You are too injured to fight recklessly!
You are too injured to fight recklessly!
You are too injured to fight recklessly!
You are too injured to fight recklessly!
You scratch the endoplasm but do no damage.
The endoplasm is heavily wounded.
The endoplasm freezes you.
You are frozen.
* * * LOW HITPOINT WARNING * * *
You scratch the endoplasm.
You kill the endoplasm!
You see here a staff of air.
The dart slug barely misses you.
You scratch the dart slug. You bite the dart slug.
The dart slug is severely wounded.
The dart slug bites you.
You die...

#........ . #. #........
#.#. #........
###.#.###### #........
..........g#####........
#....................###
#........#######.g.###
......#..########.##
.#>..w@..........#
#.....|...#..####
#..##!.........#
#.#......##.##.####
........##.##....#
#.##....###.....#.# .
##...#######.#.#
###....# #.#.# #. #.#
#g#.#


You could see a dart slug and a goblin (wandering).

Vanquished Creatures
  A bat (D:1)
  An endoplasm (D:1)
  A hobgoblin (D:1)
  A frilled lizard (D:1)
4 creatures vanquished.

Notes
Turn   | Place    | Note
-------+----------+-------------------------------------------
     0 | D:1      | Descartes the Felid Wanderer began the quest for the Orb.
     0 | D:1      | Descartes set off with the following items: a potion of
                  | lignification; and the following spells available to
                  | memorise: Summon Small Mammal, Slow, Magic Dart, Call Imp,
                  | Blink, Summon Guardian Golem, Conjure Flame, Mephitic Cloud
     0 | D:1      | Reached XP level 1. HP: 10/10 MP: 5/5
   387 | D:1      | Slain by a dart slug

Illustrated notes

Levels and vault maps discovered:
D:1:      lemuel_arrival_river_ford, layout_loops_ring,
          dreamdust_ecumenical_altar_statues, minmay_pentomino_x4

Action                   || total
-------------------------++-------
Melee: Unarmed           ||    22
       Bite              ||     2
Armor: Skin              ||     1
Dodge: Dodged            ||    17
